 Dungeon Crawl Stone Soup version 0.30-a0-458-g86641cc369 (webtiles) character file.

Game seed: 1657071363994819976

22090 dixiedixie the Maledictor (level 12, -4/48 HPs)
             Began as a Felid Enchanter on Dec 14, 2022.
             Was the Champion of Dithmenos.
             Killed from afar by a lava snake (7 damage)
             ... with a glob of lava
             ... in a volcano.
             The game lasted 02:31:28 (21894 turns).

dixiedixie the Maledictor (Felid Enchanter)        Turns: 21894, Time: 02:31:28

Health: -4/48      AC:  7    Str:  4    XL:     12   Next: 59%
Magic:  22/23      EV: 26    Int: 22    God:    Dithmenos [******]
Gold:   1127       SH:  0    Dex: 26    Spells: 6/25 levels left
                                        Lives:  0   Deaths: 3

rFire   . . .      SeeInvis +      - Unarmed
rCold   + . .      Faith    .    (shield unavailable)
rNeg    . . .      Spirit   .    (body armour unavailable)
rPois   +          Reflect  .    (helmet unavailable)
rElec   .          Harm     .    (cloak unavailable)
rCorr   .          Rampage  .    (gloves unavailable)
Will    +....                    (boots unavailable) Stlth *+++++++++
                                 l - amulet of magic regeneration
HPRegen 0.28/turn                u - ring of Celea {rPois AC+4 Dex+4}
MPRegen 0.58/turn                m - +6 ring of dexterity

@: wreathed by umbra, quick
A: very small, claws 1, fangs 3, see invisible, speed 1, shaggy fur 3, stealthy
paws, no weapons or thrown items, no armour, multi-lived, no potion heal 1
a: Renounce Religion, Shadow Step, Shadow Form


You were in a volcano.
You worshipped Dithmenos.
Dithmenos was exalted by your worship.
You visited 2 branches of the dungeon, and saw 18 of its levels.
You also visited: Gauntlet and Volcano.

You collected 1147 gold pieces.
You spent 20 gold pieces at shops.

Inventory:

Jewellery
 h - the ring of the Thistle {Contam rC+ rCorr Int+5 Dex+2}
   (You found it in a Gauntlet)

   [ring of resist corrosion]

   Int:       It affects your intelligence (+5).
   Dex:       It affects your dexterity (+2).
   rC:        It protects you from cold.
   Contam:    It causes magical contamination when unequipped.
   rCorr:     It protects you from acid and corrosion.
 k - a ring of ice
 l - an amulet of magic regeneration (around neck)
 m - a +6 ring of dexterity (right paw)
 n - a ring of ice
 s - a ring of willpower
 u - the ring of Celea (left paw) {rPois AC+4 Dex+4}
   (You acquired it on level 7 of the Dungeon)

   [ring of protection]

   AC:        It affects your AC (+4).
   Dex:       It affects your dexterity (+4).
   rPois:     It protects you from poison.
 v - a ring of positive energy
 B - a +4 ring of evasion
 G - an amulet of guardian spirit
Wands
 b - a wand of iceblast (34)
 g - a wand of flame (8)
 p - a wand of mindburst (40)
 E - a wand of paralysis (5)
 H - a wand of light (2)
Scrolls
 c - 2 scrolls of magic mapping
 e - 9 scrolls of teleportation
 i - 5 scrolls of amnesia
 j - 6 scrolls of identify
 q - a scroll of fear
 y - a scroll of poison
 D - a scroll of silence
Potions
 a - a potion of mutation
 d - 4 potions of curing
 f - 2 potions of flight
 o - 2 potions of magic
 r - 2 potions of resistance
 t - a potion of ambrosia
 w - 6 potions of lignification
 x - 4 potions of might
 A - a potion of brilliance {unknown}
 C - 2 potions of attraction
 I - a potion of cancellation {unknown}
Miscellaneous
 z - a lightning rod (4/4)
 J - a condenser vane


   Skills:
 - Level 3.3 Fighting
 - Level 8.1 Dodging
 - Level 14.5 Stealth
 - Level 8.3 Unarmed Combat
 - Level 7.1 Spellcasting
 + Level 24.5 Hexes


You had 6 spell levels left.
You knew the following spells:

 Your Spells              Type           Power      Damage    Failure   Level
a - Ensorcelled Hibernat  Hex/Ice        100%       N/A       1%          2
b - Tukima's Dance        Hex            86%        N/A       0%          3
c - Confusing Touch       Hex            86%        N/A       0%          3
d - Dazzling Flash        Conj/Hex       100%       N/A       1%          3
e - Yara's Violent Unrav  Hex/Tmut       29%        3d12      1%          5
f - Inner Flame           Hex/Fire       58%        N/A       1%          3

Your spell library contained the following spells:

 Spells                   Type           Power      Damage    Failure   Level
 Summon Guardian Golem    Hex/Summ       58%        N/A       1%          3
 Summon Small Mammal      Summ           28%        N/A       9%          1
 Sublimation of Blood     Necr           7%         N/A       12%         2
 Wereblood                Tmut           7%         N/A       12%         2
 Call Canine Familiar     Summ           7%         N/A       24%         3
 Gell's Gravitas          Tloc           7%         N/A       24%         3
 Lesser Beckoning         Tloc           14%        N/A       24%         3
 Ozocubu's Armour         Ice            7%         N/A       24%         3
 Teleport Other           Tloc           7%         N/A       24%         3
 Blade Hands              Tmut           3%         N/A       92%         5
 Dispersal                Tloc           3%         N/A       100%        6
 Enfeeble                 Hex            43%        N/A       1%          7
 Summon Hydra             Summ           3%         N/A       100%        7
 Portal Projectile        Hex/Tloc       Unusable   N/A       N/A         3

Dungeon Overview and Level Annotations

Branches:
Dungeon (15/15)            Temple (0/1) D:7            Lair (3/5) D:10
 Shoals (0/4) Lair:2        Snake (0/4) Lair:2          Orc (0/2) D:9
 Vaults (0/5) D:13        Volcano (1/1)             Gauntlet (visited)
 Depths: D:15

Altars:
Dithmenos
Fedhas
Gozag
Makhleb
Okawaru
Sif Muna
Trog
Wu Jian
Xom
Zin
The Shining One

Shops:
D:4 *   D:7 (   D:12 *   D:13 [

Annotations:
D:5 exclusion: door
D:14 1 runed translucent door


Innate Abilities, Weirdness & Mutations

You have sharp claws.
You have razor-sharp teeth.
You have supernaturally acute eyesight. (SInv)
You cover ground quickly. (Speed+)
Your thick and shaggy fur keeps you warm. (AC +3, rC+)
Your paws help you pounce on unaware monsters.
You are incapable of wielding weapons or throwing items.
You cannot wear armour.
You gain extra lives every three experience levels.
Potions are less effective at restoring your health.


Message History

Confirm with . or Enter, or press ? or * to list all spells.
Aiming: Ensorcelled Hibernation (safe; 1% risk of failure)
Press: ? - help, Shift-Dir - straight line, f - fire bat
Aim: a fire bat (black smoke, umbra, chance to affect: 78%)
The fire bat looks drowsy...
The helpless fire bat fails to defend itself.
You eviscerate the fire bat!!!!
You kill the fire bat!
Dithmenos accepts your kill. The lava snake spits lava at you.
The glob of lava hits you!
The lava snake hisses angrily.
The fire bat bites you.
You are engulfed in flames.
Casting: Ensorcelled Hibernation (safe; 1% risk of failure)
Confirm with . or Enter, or press ? or * to list all spells.
Aiming: Ensorcelled Hibernation (safe; 1% risk of failure)
Press: ? - help, Shift-Dir - straight line, f - fire bat
Aim: a fire bat (umbra, chance to affect: 78%)
The fire bat looks drowsy...
Your shadow mimicks your spell!
The fire bat is unaffected.
A lava snake comes into view.
The helpless fire bat fails to defend itself.
You eviscerate the fire bat!!!!
You kill the fire bat!
Dithmenos accepts your kill. The lava snake spits lava at you.
The glob of lava misses you. The lava snake spits lava at you.
The glob of lava misses you.
The lava snake hisses angrily.
As you read the scroll of fog, it crumbles to dust.
The scroll dissolves into smoke.
The lava snake spits lava at you. The glob of lava hits you!!
* * * LOW HITPOINT WARNING * * *
You emit a cloud of dark smoke.
The lava snake spits lava at you. The glob of lava hits you!
You die...

§≈≈≈≈§§§§≈§§§§§§§.....
.§≈§≈≈≈≈≈≈§§≈≈§≈≈.§....#
.≈§§§≈≈≈≈≈§§§≈§≈......##
≈≈S≈≈≈≈≈≈§§§§≈......##
§§≈≈≈≈≈≈≈≈S§§....####
§§§§≈≈≈§S≈§§§§§###
.§§§§≈§S≈§...####
....≈§§§§§..##
#...§@§#### ########


You could see 3 lava snakes.

Vanquished Creatures
  A fire dragon (D:11)
  A rakshasa (D:13)
  A catoblepas (D:14)
  Erica (Lair:1)
  An ogre mage (D:13)
  2 centaur warriors
  3 death yaks
  5 two-headed ogres
  2 boulder beetles
  Urug (Lair:2)
  Nergalle (D:10)
  Sonja (Lair:1)
  A wizard (D:15)
  2 deep elf pyromancers
  An ugly thing (D:13)
  5 manticores
  A moth of wrath (shapeshifter) (D:14)
  A cyclops (D:13)
  A merfolk siren (Lair:2)
  A black mamba (shapeshifter) (D:13)
  5 black mambas
  A torpor snail (Gauntlet)
  A gargoyle (D:12)
  7 cane toads
  11 komodo dragons
  Maggie (D:7)
  2 burning bushes (Lair:2)
  A meliai (D:14)
  A queen bee (shapeshifter) (D:13)
  A wolf spider simulacrum (Gauntlet)
  6 trolls
  A hornet (D:9)
  6 slime creatures
  A centaur simulacrum (Gauntlet)
  3 wraiths
  A human (D:9)
  3 fire bats (Volcano)
  2 wyverns
  13 yaks
  2 basilisks
  A neqoxec (Gauntlet)
  6 vampire mosquitoes
  A warg (D:9)
  Edmund (D:5)
  3 nagas
  Menkaure (D:5)
  A hydra simulacrum (Gauntlet)
  Duvessa (D:7)
  3 acid dragons
  6 water moccasins
  An ice beast (D:8)
  3 orc warriors
  A sky beast (D:6)
  A meliai simulacrum (D:14)
  3 black bears
  10 wolves
  3 centaurs
  2 phantoms (D:5)
  5 kobold brigands
  12 bullfrogs
  A gnoll sergeant (D:5)
  A scorpion (D:5)
  3 necrophages
  4 wights
  Dowan (D:7)
  4 killer bees
  5 howler monkeys
  10 orc priests
  A gnoll bouda (D:9)
  3 hounds
  4 jellies
  5 iguanas
  17 orc wizards
  10 gnolls
  13 adders
  A shadow imp (D:6)
  An ufetubus (D:6)
  3 worms
  3 dart slugs
  37 orcs
  10 ball pythons
  5 endoplasms
  4 giant cockroaches
  6 goblins
  13 hobgoblins
  5 quokkas
  4 bats
  2 frilled lizards
  46 kobolds
  3 rats (D:1)
392 creatures vanquished.

Vanquished Creatures (collateral kills)
  A two-headed ogre (D:13)
  An efreet (D:13)
  2 meliai (D:14)
  A naga (Lair:2)
  2 orc warriors
  2 bullfrogs
  A gnoll sergeant (D:6)
  11 wights
  2 orc priests
  3 orc wizards
  7 gnolls
  9 orcs
  3 kobolds (D:4)
45 creatures vanquished.

Vanquished Creatures (others)
  5 dancing weapons
  55 fungi
  43 plants
103 creatures vanquished.

Grand Total: 540 creatures vanquished

Notes
Turn   | Place    | Note
-------+----------+-------------------------------------------
     0 | D:1      | dixiedixie the Felid Enchanter began the quest for the Orb.
     0 | D:1      | Reached XP level 1. HP: 7/7 MP: 4/4
   185 | D:1      | Reached XP level 2. HP: 11/11 MP: 6/6
   288 | D:1      | Learned a level 2 spell: Ensorcelled Hibernation
   443 | D:1      | Reached skill level 5 in Hexes
   789 | D:1      | Reached XP level 3. HP: 5/14 MP: 0/7
   834 | D:1      | Learned a level 3 spell: Tukima's Dance
  1195 | D:2      | Reached skill level 6 in Hexes
  1447 | D:2      | Reached XP level 4. HP: 18/18 MP: 8/8
  2226 | D:3      | Reached skill level 7 in Hexes
  2726 | D:3      | You fall into a shaft and drop 3 floors!
  2759 | D:6      | Noticed a sky beast
  2881 | D:5      | Entered Level 5 of the Dungeon
  2881 | D:5      | Noticed Menkaure
  2983 | D:5      | Noticed a necrophage
  3077 | D:4      | Found Eceratoli's General Store.
  3148 | D:4      | Bought a scroll of identify for 20 gold pieces
  3262 | D:3      | Reached skill level 8 in Hexes
  3262 | D:3      | Reached XP level 5. HP: 13/21 MP: 1/9
  3372 | D:3      | Learned a level 3 spell: Confusing Touch
  3470 | D:3      | Found a shadowy altar of Dithmenos.
  3585 | D:3      | Became a worshipper of Dithmenos the Shadowed
  4314 | D:4      | Reached skill level 9 in Hexes
  4314 | D:4      | Gained mutation: You are covered in thick fur. (AC +2)
                  | [Felid growth]
  4314 | D:4      | Reached XP level 6. HP: 15/24 MP: 7/10
  4554 | D:4      | Reached * piety under Dithmenos
  4612 | D:4      | Reached skill level 5 in Stealth
  5092 | D:4      | Reached skill level 10 in Hexes
  5312 | D:4      | Reached XP level 7. HP: 24/27 MP: 7/11
  5698 | D:5      | Reached ** piety under Dithmenos
  5857 | D:5      | Found an iron altar of Okawaru.
  5858 | D:5      | Found an opulent altar of Gozag.
  5858 | D:5      | Found a shimmering altar of Xom.
  5860 | D:5      | Found a bloodstained altar of Trog.
  5860 | D:5      | Found a shimmering blue altar of Sif Muna.
  5890 | D:5      | Noticed a wyvern
  5898 | D:5      | Reached skill level 5 in Unarmed Combat
  5983 | D:5      | Reached XP level 8. HP: 31/31 MP: 9/12
  5983 | D:5      | Found a glowing golden altar of the Shining One.
  5984 | D:5      | Found a blossoming altar of Fedhas.
  6019 | D:5      | Reached skill level 11 in Hexes
  6070 | D:5      | Noticed Edmund
  6094 | D:5      | Killed Edmund
  6140 | D:5      | Learned a level 3 spell: Dazzling Flash
  6192 | D:6      | Reached skill level 12 in Hexes
  6983 | D:7      | Noticed Duvessa
  6984 | D:7      | Noticed Dowan
  6986 | D:7      | Killed Duvessa
  6987 | D:7      | Reached skill level 13 in Hexes
  6992 | D:7      | Killed Dowan
  7282 | D:6      | Reached skill level 14 in Hexes
  7429 | D:7      | Reached XP level 9. HP: 28/34 MP: 4/13
  7618 | D:7      | Noticed Maggie
  7637 | D:7      | Killed Maggie
  7638 | D:7      | Reached skill level 15 in Hexes
  7743 | D:7      | Reached *** piety under Dithmenos
  7974 | D:7      | Found a staircase to the Ecumenical Temple.
  7984 | D:7      | Identified 2 scrolls of acquirement
  7984 | D:7      | Acquired the ring of Celea {rPois AC+4 Dex+4}
  7992 | D:7      | Acquired Zasuusopt's Essays on the Frore Oath
  8188 | D:8      | Reached skill level 16 in Hexes
  8274 | D:7      | Noticed a seven-headed hydra
  8274 | D:7      | Found Fele's Hydra Hut.
  8939 | D:8      | Reached skill level 17 in Hexes
  9652 | D:8      | Reached XP level 10. HP: 37/37 MP: 12/15
  9734 | D:5      | Reached **** piety under Dithmenos
 10122 | D:5      | Killed Menkaure
 10123 | D:5      | Reached skill level 18 in Hexes
 11692 | D:9      | Reached skill level 1 in Fighting
 11792 | D:9      | Identified the +10 rapier "Kiewnodu" {antimagic, Fragile
                  | rElec Will+++ Int-2}
 11935 | D:9      | Reached ***** piety under Dithmenos
 12031 | D:9      | Found a staircase to the Orcish Mines.
 12273 | D:9      | Found a burning altar of Makhleb.
 12318 | D:9      | Found a glowing silver altar of Zin.
 12319 | D:9      | Noticed a green death
 12319 | D:9      | Noticed an angel
 12583 | D:10     | Entered Level 10 of the Dungeon
 12754 | D:10     | Noticed a two-headed ogre
 12775 | D:10     | Reached skill level 10 in Stealth
 13121 | D:10     | Killed a two-headed ogre
 13122 | D:10     | Reached XP level 11. HP: 43/45 MP: 0/16
 13492 | D:10     | Found a staircase to the Lair.
 13492 | D:10     | Noticed a centaur warrior
 13495 | D:10     | Noticed Nergalle
 13503 | D:10     | Killed Nergalle
 13555 | D:10     | Reached skill level 5 in Dodging
 13817 | D:10     | Learned a level 5 spell: Yara's Violent Unravelling
 13884 | D:10     | Identified the +0 robe of Tocah {rC+}
 14058 | D:10     | Found an ornate altar of the Wu Jian Council.
 14107 | D:10     | Killed a centaur warrior
 14180 | D:11     | Noticed a boulder beetle
 14213 | D:11     | Killed a boulder beetle
 14288 | D:11     | Noticed a centaur warrior
 14292 | D:11     | Reached skill level 19 in Hexes
 14293 | D:11     | Noticed a two-headed ogre
 14296 | D:11     | Killed a centaur warrior
 14299 | D:11     | Noticed a fire dragon
 14320 | D:11     | Killed a two-headed ogre
 14612 | D:11     | Reached skill level 20 in Hexes
 14661 | D:12     | Found Ytamuy's CLEARANCE SALE!.
 14670 | D:12     | Found a gate leading to a gauntlet.
 14698 | Gauntlet | Entered a Gauntlet
 14698 | Gauntlet | Noticed a death scarab
 14698 | Gauntlet | Found a transporter.
 14846 | Gauntlet | Found a transporter.
 14848 | Gauntlet | Found a transporter.
 14849 | Gauntlet | Found a transporter.
 14857 | Gauntlet | Found a transporter.
 14860 | Gauntlet | Found a transporter.
 14861 | Gauntlet | Found a transporter.
 14872 | Gauntlet | Found a transporter.
 14873 | Gauntlet | Found a transporter.
 14877 | Gauntlet | Found a runed translucent door.
 14877 | Gauntlet | Found a runed translucent door.
 14881 | Gauntlet | Found a transporter.
 14884 | Gauntlet | Found a transporter.
 14885 | Gauntlet | Found a transporter.
 14889 | Gauntlet | Noticed a death yak
 14889 | Gauntlet | Noticed a death yak
 14889 | Gauntlet | Noticed a death yak
 14890 | Gauntlet | Noticed a death yak
 14892 | Gauntlet | Noticed a death yak
 14893 | Gauntlet | Found a transporter.
 14893 | Gauntlet | Noticed a necromancer
 14893 | Gauntlet | Noticed a death yak
 14929 | Gauntlet | Found a transporter.
 15392 | Gauntlet | Gained mutation: Potions are less effective at restoring
                  | your health. [a neqoxec]
 15833 | Gauntlet | Identified the ring of the Thistle {Contam rC+ rCorr Int+5
                  | Dex+2}
 15844 | Gauntlet | Mangled by a death yak
 15845 | Gauntlet | Reached XP level 10. HP: -13/42 MP: 1/15
 15845 | Gauntlet | Noticed a minotaur
 15845 | Gauntlet | Slain by a minotaur
 15846 | Gauntlet | Reached XP level 9. HP: -5/38 MP: 14/14
 15888 | D:12     | Killed a manticore
 15889 | D:12     | Reached skill level 21 in Hexes
 15889 | D:12     | Reached XP level 10. HP: 42/42 MP: 12/15
 15979 | D:11     | Noticed a two-headed ogre
 15988 | D:11     | Killed a two-headed ogre
 16187 | D:11     | Noticed a manticore
 16197 | D:11     | Killed a manticore
 16506 | D:12     | Noticed a manticore
 16522 | D:12     | Killed a manticore
 16570 | D:12     | Noticed a two-headed ogre
 16576 | D:12     | Killed a two-headed ogre
 16705 | D:12     | Noticed a deep elf pyromancer
 16725 | D:12     | Killed a deep elf pyromancer
 16726 | D:12     | Reached XP level 11. HP: 27/45 MP: 11/19
 16889 | D:12     | Reached skill level 5 in Spellcasting
 16893 | D:12     | Learned a level 3 spell: Inner Flame
 16962 | D:12     | Reached skill level 22 in Hexes
 17355 | Lair:1   | Entered Level 1 of the Lair of Beasts
 17481 | Lair:1   | Noticed Sonja
 17485 | Lair:1   | Killed Sonja
 17513 | Lair:1   | Reached skill level 23 in Hexes
 18046 | Lair:1   | Noticed a death yak
 18046 | Lair:1   | Noticed a death yak
 19022 | D:13     | Noticed a boulder beetle
 19034 | D:13     | Killed a boulder beetle
 19048 | D:13     | Noticed a two-headed ogre
 19049 | D:13     | Found a gate to the Vaults.
 19049 | D:13     | Noticed a two-headed ogre
 19051 | D:13     | Noticed an ogre mage
 19058 | D:13     | Killed a two-headed ogre
 19065 | D:13     | Killed a two-headed ogre
 19066 | D:13     | Gained mutation: Your thick and shaggy fur keeps you warm.
                  | (AC +3, rC+) [Felid growth]
 19066 | D:13     | Reached XP level 12. HP: 44/48 MP: 2/20
 19072 | D:13     | Killed an ogre mage
 19351 | D:13     | Found Otum's Antique Armour Shoppe.
 19381 | D:13     | Noticed a rakshasa
 19388 | D:13     | Killed a rakshasa
 19614 | D:14     | Noticed a catoblepas
 19767 | D:14     | Killed a catoblepas
 19769 | D:14     | Reached ****** piety under Dithmenos
 19919 | D:14     | Found a runed translucent door.
 19928 | D:14     | HP: 1/48 [meliai (7)]
 19928 | D:14     | Slain by a meliai
 19929 | D:14     | Reached XP level 11. HP: -3/45 MP: 11/19
 20023 | D:14     | Noticed a deep elf pyromancer
 20024 | D:14     | Found a shimmering altar of Xom.
 20024 | D:14     | Noticed a +1 rapier of chaos
 20043 | D:14     | Noticed a green ugly thing
 20043 | D:14     | Noticed a purple ugly thing
 20043 | D:14     | Noticed a purple ugly thing
 20059 | D:15     | Entered Level 15 of the Dungeon
 20059 | D:15     | Noticed a wizard
 20063 | D:15     | Killed a wizard
 20228 | D:11     | Killed a fire dragon
 20403 | Lair:1   | Killed a death yak
 20416 | Lair:1   | Noticed a death yak
 20484 | D:10     | Killed a death yak
 20546 | Lair:1   | Killed a death yak
 20547 | Lair:1   | Reached XP level 12. HP: 48/48 MP: 21/21
 21139 | Lair:2   | Noticed Urug
 21158 | Lair:2   | Killed Urug
 21215 | Lair:2   | Noticed Erica
 21286 | Lair:1   | Killed Erica
 21287 | Lair:1   | Reached skill level 24 in Hexes
 21665 | Lair:2   | Found a staircase to the Snake Pit.
 21796 | Lair:2   | Found a staircase to the Shoals.
 21837 | Lair:3   | Found a dark tunnel.
 21843 | Volcano  | Entered a volcano
 21894 | Volcano  | Killed from afar by a lava snake

Illustrated notes

Levels and vault maps discovered:
D:1:      dpeg_arrival_rooms_c, layout_basic
D:2:      layout_loops_ring, minmay_stone_trees_small
D:3:      layout_basic, nicolae_dithmenos_through_a_glass_darkly
D:4:      minmay_goblin_kobold_castle, layout_rooms, serial_shops,
          nicolae_shop_statue_plus
D:5:      minmay_bubble_buster, layout_loops_ring, grunt_temple_overflow_open,
          uniq_menkaure, uniq_edmund
D:6:      layout_gridville, minivault_5
D:7:      layout_basic, minmay_temple_entry_poolview, doesnt_shop_hydraphobe,
          uniq_maggie, uniq_duvessa
D:8:      layout_layer_cave
D:9:      layout_cave_pods, grunt_temple_overflow_order_and_chaos_2, erik_orc_4,
          minmay_misc_feat_cross, nicolae_kite_square_tiling_tiny
D:10:     layout_basic, pf_just_have_faith, due_lair_maze_entry_diamond,
          uniq_nergalle
D:11:     layout_roguey, minmay_checkerbox
D:12:     layout_irregular_city, gauntlet_entry_generic, nicolae_shop_clearance
D:13:     layout_cave_pools, david_vaults_2, serial_shops,
          kennysheep_little_box, hangedman_decor_peaks_small
D:14:     layout_loops_cross, good_gods_temple_1, ebering_ghost_xom
D:15:     hangedman_depths_entry_civil_slaughter, layout_cave_pools,
          nicolae_twisting_strands, serial_shops, shop, uniq_jorgrun
Lair:1:   layout_regular_city, grunt_megastairs_2, lemuel_fruit_fields,
          uniq_sonja
Lair:2:   layout_misc_corridors, minmay_shoals_entry_lonely_mermaid,
          minmay_snake_entry_guardpost_medium, evilmike_ambush
          [evilmike_ambush_outer_basic, evilmike_ambush_inner_wall_1],
          uniq_erica, uniq_urug
Lair:3:   layout_regular_city, nicolae_volcano_entry_lava_flow,
          beast_lair_carwin_6, infiniplex_staircase_pool_2
Volcano:  volcano_grotto [vgs_hot_hot_hot]

Skill      XL: |  1  2  3  4  5  6  7  8  9 10 11 12 |
---------------+-------------------------------------+-----
Unarmed Combat | 2 5 8 7 |  8.3
Hexes          | 5 6 8 9 10 14 21 18 23 24 | 24.5
Stealth        | 5 7 11 14 13 | 14.5
Spellcasting   | 3 4 5 7 |  7.1
Fighting       | 3 |  3.3
Dodging        | 8 |  8.1

Action                   |  1- 3 |  4- 6 |  7- 9 | 10-12 || total
-------------------------+-------+-------+-------+-------++-------
Melee: Unarmed           |    47 |   237 |   211 |   428 ||   923
       Bite              |     2 |    20 |    24 |    52 ||    98
       Punch             |     1 |     6 |     6 |    26 ||    39
 Cast: Ensorcelled Hiber |    14 |    72 |    56 |   203 ||   345
       Tukima's Dance    |       |     7 |    32 |    46 ||    85
       Confusing Touch   |       |     2 |    17 |    48 ||    67
       Dazzling Flash    |       |       |       |    10 ||    10
       Inner Flame       |       |       |       |    10 ||    10
       Yara's Violent Un |       |       |       |     6 ||     6
Evoke: Wand              |       |       |     3 |       ||     3
  Use: Potion            |       |     1 |       |     6 ||     7
       Scroll            |       |     2 |    12 |    14 ||    28
 Stab: Sleeping          |    26 |    56 |    48 |   160 ||   290
       Distracted        |       |     2 |     2 |     4 ||     8
       Confused          |       |     2 |    14 |    38 ||    54
       Invisible         |       |       |       |     5 ||     5
       Petrified         |       |       |       |     2 ||     2
Armor: Skin              |     1 |    13 |    23 |    42 ||    79
Dodge: Dodged            |    22 |   173 |   168 |   368 ||   731

Table legend: (Time is in decaauts)
 A = Elapsed time spent in this place.
 B = Non-inter-level travel time spent in this place.
 C = Inter-level travel time spent in this place.
 D = Time resting spent in this place.
 E = Time spent auto-exploring this place.
 F = Levels seen in this place.
 G = Mean time per level.
                   A        B        C        D        E       F      G
               +--------+--------+--------+--------+--------+-----+--------+
         Total |  19269 |  18412 |    857 |   5474 |   7139 |  20 |  963.5 |
       Dungeon |  16137 |  15322 |    815 |   4661 |   6261 |  15 | 1075.8 |
          Lair |   2016 |   1975 |     41 |    405 |    877 |   3 |  672.0 |
       Volcano |     41 |     41 |      0 |      0 |      0 |   1 |   41.0 |
      Gauntlet |   1074 |   1074 |      0 |    408 |      0 |   1 | 1074.0 |
               +--------+--------+--------+--------+--------+-----+--------+

Top non-repeatable levels by time:
     D:4: 1817 daAuts
    D:10: 1671 daAuts
     D:9: 1630 daAuts
     D:8: 1526 daAuts
  Lair:1: 1384 daAuts
     D:6: 1378 daAuts
    D:11: 1199 daAuts
     D:7: 1140 daAuts
     D:3: 1109 daAuts
Gauntlet: 1074 daAuts
     D:5: 1036 daAuts
     D:1: 919 daAuts
    D:12: 900 daAuts
     D:2: 880 daAuts
  Lair:2: 617 daAuts
